 Dungeon Crawl Stone Soup version 0.27-a0-512-g57cc695410 (webtiles) character file.

Game seed: 17761635411646519044

357 siradein the Cudgeller (level 6, 0/62 HPs)
             Began as an Ogre Gladiator on Mar 3, 2021.
             Succumbed to a kobold's poison
             ... on level 3 of the Dungeon.
             The game lasted 00:06:14 (2061 turns).

siradein the Cudgeller (Ogre Gladiator)             Turns: 2061, Time: 00:06:15

Health: 0/62       AC:  3    Str: 19    XL:     6   Next: 64%
Magic:  6/6        EV: 11    Int:  4    God:
Gold:   116        SH:  0    Dex: 21    Spells: 5/5 levels left

rFire    . . .     SeeInvis .   h - +8 whip "Ussounk" {speed, *Rage +Blink Int-5 Dex+9}
rCold    . . .     Faith    .   (no shield)
rNeg     + . .     Spirit   .   e - +0 robe {rN+}
rPois    .         Reflect  .   c - +0 hat
rElec    .         Harm     .   (no cloak)
rCorr    .         Rampage  .   (gloves unavailable)
Will     .....     Rnd*Rage +   (boots unavailable)
Stlth    ++........             (no amulet)
HPRegen  0.20/turn              (no ring)
MPRegen  0.10/turn              (no ring)

@: lethally poisoned (0 -> -7), berserk cooldown
A: large, unfitting armour, tough skin 1
a: Evoke Blink


You were on level 3 of the Dungeon.
You visited 1 branch of the dungeon, and saw 3 of its levels.

You collected 116 gold pieces.

Inventory:

Hand Weapons
 h - the +8 whip "Ussounk" (weapon) {speed, *Rage +Blink Int-5 Dex+9}
   (You found it on level 1 of the Dungeon)

   Attacks with this weapon are significantly faster.
   It affects your intelligence (-5).
   It affects your dexterity (+9).
   It lets you blink.
   It may make you go berserk in combat.
Missiles
 d - 3 throwing nets (quivered)
Armour
 c - a +0 hat (worn)
 e - a +0 robe of positive energy (worn)
Scrolls
 a - 3 scrolls of amnesia {unknown}
 f - 4 scrolls of identify {unknown}
 i - a scroll of noise {unknown}
 j - a scroll of teleportation {unknown}


   Skills:
 + Level 4.2 Fighting
 + Level 5.7 Maces & Flails
 - Level 2.0 Throwing
 - Level 2.6 Dodging
 + Level 1.7 Stealth


You had 5 spell levels left.
You didn't know any spells.
Your spell library was empty.

Dungeon Overview and Level Annotations

Branches:
Dungeon (3/15)

Altars:


Innate Abilities, Weirdness & Mutations

You are too large for most types of armour.
You have tough skin. (AC +1)


Message History

You feel very sick.
You hear some strange, mumbled words.
Something tries to affect you, but you resist.
Something hits you but does no damage.
You see here a +0 club.
You hit something but do no damage.
* * * LOW HITPOINT WARNING * * *
You feel sick.
You barely miss something.
* * * LOW HITPOINT WARNING * * *
You feel sick. Something hits you but does no damage.
You whack something!
* * * LOW HITPOINT WARNING * * *
You feel sick.
You hear some strange, mumbled words.
Something tries to affect you, but you resist.
You miss something.
* * * LOW HITPOINT WARNING * * *
You feel sick.
You hear some strange, mumbled words.
A magic dart appears from out of thin air!
The magic dart hits you.
* * * LOW HITPOINT WARNING * * *
It was a potion of resistance.
You feel protected.
* * * LOW HITPOINT WARNING * * *
You feel sick. Something hits you.
* * * LOW HITPOINT WARNING * * *
Something completely misses you.
It was a potion of cancellation.
Your magical effects are unravelling.
You feel magically purged.
You feel yourself speed up.
Your resistance to elements expires.
* * * LOW HITPOINT WARNING * * *
You feel sick. Something hits you but does no damage.
You hit something. Something hits you but does no damage.
You hit something.
Reactivating autopickup.
You feel a bit more experienced.
You die...

o####..##.....#
.....o.#......##
................
..o.o.(.............
########......##'#.#####
#...............#
#.#####.........## #)#
#........... #@#
#.........# #######)#
#.........# #.....#)#
#....).# ##....#†#
###.#†###.#
##...#)#######.......#
#...#.(.......#.#####
#...###...###.#.## #...#
#.÷.##.....#
#...###...##.....#


There were no monsters in sight!

Vanquished Creatures
  Sigmund (D:3)
  A centaur (D:3)
  An orc priest (D:3)
  An orc wizard (D:3)
  4 adders
  2 worms (D:3)
  2 dart slugs
  A leopard gecko (D:3)
  5 orcs
  A ball python (D:2)
  5 bats (D:1)
  2 giant cockroaches
  2 goblins
  6 hobgoblins
  2 quokkas (D:3)
  A frilled lizard (D:1)
  6 kobolds
  2 rats (D:1)
45 creatures vanquished.

Notes
Turn   | Place    | Note
-------+----------+-------------------------------------------
     0 | D:1      | siradein the Ogre Gladiator began the quest for the Orb.
     0 | D:1      | Reached XP level 1. HP: 22/22 MP: 1/1
   306 | D:1      | Reached skill level 3 in Maces & Flails
   426 | D:1      | Reached XP level 2. HP: 22/31 MP: 2/2
  1177 | D:1      | Identified the +8 whip "Ussounk" {speed, *Rage +Blink Int-5
                  | Dex+9}
  1245 | D:2      | Reached XP level 3. HP: 37/37 MP: 3/3
  1626 | D:3      | Reached skill level 4 in Maces & Flails
  1626 | D:3      | Reached XP level 4. HP: 39/45 MP: 4/4
  1731 | D:3      | Noticed Sigmund
  1748 | D:3      | Killed Sigmund
  1749 | D:3      | Reached skill level 5 in Maces & Flails
  1749 | D:3      | Reached skill level 1 in Stealth
  1749 | D:3      | Reached XP level 5. HP: 28/54 MP: 5/5
  1749 | D:3      | Reached XP level 6. HP: 32/62 MP: 6/6
  2058 | D:3      | HP: 3/62 [something (2)]
  2059 | D:3      | HP: 1/62 [poisoned by a kobold]
  2061 | D:3      | Succumbed to a kobold's poison

Illustrated notes

Levels and vault maps discovered:
D:1:      amcnicky_arrival_single_pillar, layout_basic, minivault_5,
          minmay_statues_item, kennysheep_boxes
D:2:      layout_loops_ring, general_overflow_altar
D:3:      layout_basic, marbit_many_paths, lemuel_crystal_altar,
          gammafunk_ghost_necromancy, tgw_xom, uniq_natasha, uniq_sigmund

Skill      XL: |  1  2  3  4 |
---------------+-------------+-----
Maces & Flails | 3 4 5 |  5.7
Fighting       | 3 4 |  4.2
Stealth        | 1 |  1.7
Throwing       | |  2.0
Dodging        | |  2.6

Action                   |  1- 3 |  4- 6 || total
-------------------------+-------+-------++-------
Melee: Flail             |    63 |       ||    63
       Whip              |    29 |    48 ||    77
  Use: Potion            |       |     2 ||     2
 Stab: Sleeping          |     2 |       ||     2
Armor: Robe              |    34 |     8 ||    42
Dodge: Dodged            |    73 |    14 ||    87

Table legend: (Time is in decaauts)
 A = Elapsed time spent in this place.
 B = Non-inter-level travel time spent in this place.
 C = Inter-level travel time spent in this place.
 D = Time resting spent in this place.
 E = Time spent auto-exploring this place.
 F = Levels seen in this place.
 G = Mean time per level.
                   A        B        C        D        E       F      G
               +--------+--------+--------+--------+--------+-----+--------+
         Total |   2087 |   2069 |     18 |    135 |   1534 |   3 |  695.7 |
       Dungeon |   2087 |   2069 |     18 |    135 |   1534 |   3 |  695.7 |
               +--------+--------+--------+--------+--------+-----+--------+

Top non-repeatable levels by time:
     D:1: 1271 daAuts
     D:3: 618 daAuts
     D:2: 197 daAuts
